 Dungeon Crawl Stone Soup version 0.28.0-53-g5a82cb258f (webtiles) character file.

Game seed: 11215833996497031027

15192 Zeld the Transmogrifier (level 11, 0/114 HPs)
             Began as a Black Draconian Transmuter on May 21, 2022.
             Was an Initiate of Gozag.
             Slain by a harpy simulacrum (2 damage)
             ... in an ice cave.
             The game lasted 00:19:58 (22409 turns).

Zeld the Transmogrifier (DrTm)                     Turns: 22409, Time: 00:19:59

Health: 0/114      AC: 12    Str: 16    XL:     11   Next: 98%
Magic:  34/34      EV: 12    Int: 15    God:    Gozag
Gold:   160        SH:  0    Dex: 13    Spells: 20/30 levels left

rFire   x . .      SeeInvis .     - Unarmed
rCold   + + +      Faith    .   (shield currently unavailable)
rNeg    . . .      Spirit   .   (armour unavailable)
rPois   +          Reflect  .   (helmet currently unavailable)
rElec   .          Harm     .   (cloak currently unavailable)
rCorr   .          Rampage  .   (gloves currently unavailable)
Will    .....                   (boots currently unavailable)
Stlth   +.........              (no amulet)
HPRegen 0.29/turn               a - ring of magical power
MPRegen 0.24/turn               z - ring "Nace" {AC+4 Dex+2}

@: ice-form, wereblooded
A: freezing attack, amphibious, boosted hp, (breathe lightning), AC +7, large,
unfitting armour, (electricity resistance), (cold-blooded)
a: End Transformation, Renounce Religion, Potion Petition, Call Merchant, Bribe
Branch


You were in an ice cave.
You worshipped Gozag.
Gozag was aware of your devotion.
You were a creature of crystalline ice.
You visited 2 branches of the dungeon, and saw 13 of its levels.
You also visited: Sewer, Bailey and Ice Cave.

You collected 1667 gold pieces.
You spent 339 gold pieces at shops.
You paid 1168 gold pieces to Gozag.

Inventory:

Armour
 o - a +2 cloak of preservation (melded)
Jewellery
 a - a ring of magical power (left front paw)
 z - the ring "Nace" (right front paw) {AC+4 Dex+2}
   (You found it on level 6 of the Dungeon)

   [ring of protection]

   AC:        It affects your AC (+4).
   Dex:       It affects your dexterity (+2).
Wands
 t - a wand of iceblast (5)
 w - a wand of polymorph (3)
 B - a wand of mindburst (15)
 C - a wand of flame (4)
Scrolls
 b - 4 scrolls of enchant armour
 i - 2 scrolls of magic mapping
 k - a scroll of fog {unknown}
 n - 7 scrolls of teleportation
 r - 4 scrolls of identify
 s - 2 scrolls of fear
 x - 2 scrolls of amnesia
 y - a scroll of brand weapon
 D - a scroll of torment {unknown}
Potions
 c - 6 potions of curing {unknown}
 d - 3 potions of brilliance {unknown}
 e - a potion of attraction
 f - a potion of might {unknown}
 g - 4 potions of degeneration
 h - 3 potions of haste
 l - 4 potions of heal wounds {unknown}
 m - a potion of cancellation {unknown}
 p - 3 potions of mutation {unknown}
 q - a potion of resistance {unknown}
 u - 3 potions of lignification {unknown}
 v - 2 potions of berserk rage
 A - a potion of flight {unknown}
Miscellaneous
 F - a piece from Xom's chessboard (13/15)


   Skills:
 + Level 8.3 Fighting
 + Level 7.1 Dodging
 - Level 3.0 Unarmed Combat
 * Level 10.1 Spellcasting
 * Level 11.1 Transmutations
 - Level 1.0 Ice Magic
 + Level 6.2 Air Magic
 - Level 2.0 Poison Magic
 + Level 1.8 Evocations


You had 20 spell levels left.
You knew the following spells:

 Your Spells              Type           Power      Damage    Failure   Level
a - Beastly Appendage     Tmut           80%        N/A       1%          1
b - Wereblood             Tmut           40%        N/A       1%          2
c - Spider Form           Tmut/Pois      27%        N/A       1%          3
d - Ice Form              Ice/Tmut       25%        N/A       8%          4

Your spell library contained the following spells:

 Spells                   Type           Power      Damage    Failure   Level
 Ignite Poison            Fire/Tmut/Pois 20%        N/A       4%          3
 Summon Lightning Spire   Summ/Air       16%        N/A       26%         4
 Yara's Violent Unravell  Hex/Tmut       12%        3d7       26%         5
 Conjure Flame            Conj/Fire      7%         6-21      28%         3
 Tukima's Dance           Hex            7%         N/A       28%         3
 Passage of Golubria      Tloc           7%         N/A       67%         4
 Sticky Flame             Conj/Fire      7%         2d3       67%         4
 Storm Form               Tmut/Air       16%        N/A       93%         7
 Maxwell's Capacitive Co  Air            13%        ∞         100%        8


Dungeon Overview and Level Annotations

Branches:
Dungeon (12/15)            Temple (1/1) D:6            Lair (0/6) D:11
    Orc (0/2) D:9           Sewer (visited)          Bailey (visited)
  IceCv (1/1)

Altars:
Ashenzari
Cheibriados
Dithmenos
Elyvilon
Fedhas
Gozag
Hepliaklqana
Kikubaaqudgha
Makhleb
Nemelex Xobeh
Okawaru
Qazlal
Ru
Sif Muna
Trog
Uskayaw
Vehumet
Wu Jian
Xom
Yredelemnul
Zin
The Shining One

Shops:
D:3 *   D:4 =   D:10 *   D:12 ?

Annotations:
D:6 2 runed translucent doors, Shubert's ghost, novice MfGl
D:7 4 exclusions


Innate Abilities, Weirdness & Mutations

You are a creature of crystalline ice.
You have a powerful freezing melee attack.
You are amphibious.
Your maximum health is increased.
Your armour is entirely melded.
You are incapable of wielding weapons or throwing items.
((You can breathe wild blasts of lightning.))
((Your glossy black scales are hard. (AC +7)))
You cannot fit into any form of body armour.
((You are resistant to electric shocks. (rElec)))
((You are cold-blooded and may be slowed by cold attacks.))


Message History

The puff of flame hits the elephant simulacrum but does no damage.
You howl as the wereblood boils in your veins!
The harpy simulacrum claws you. The harpy simulacrum freezes you. You resist.
The harpy simulacrum closely misses you.
The harpy simulacrum claws you.
* * * LOW HITPOINT WARNING * * *
The harpy simulacrum freezes you. You resist.
* * * LOW HITPOINT WARNING * * *
The harpy simulacrum misses you.
The harpy simulacrum closely misses you.
The harpy simulacrum claws you but does no damage.
The troll simulacrum bites you.
* * * LOW HITPOINT WARNING * * *
The troll simulacrum freezes you. You resist.
* * * LOW HITPOINT WARNING * * *
The troll simulacrum misses you.
The troll simulacrum completely misses you.
The harpy simulacrum claws you but does no damage.
The harpy simulacrum claws you.
* * * LOW HITPOINT WARNING * * *
The harpy simulacrum freezes you. You resist.
* * * LOW HITPOINT WARNING * * *
The harpy simulacrum barely misses you. x2
The harpy simulacrum claws you.
* * * LOW HITPOINT WARNING * * *
The harpy simulacrum freezes you. You resist.
* * * LOW HITPOINT WARNING * * *
The harpy simulacrum claws you but does no damage. x2
The harpy simulacrum closely misses you.
There is an ice choked empty arch of ancient stone here.
Okay, then.
Okay, then.
Blink to where?
Press: ? - help, Dir - move target, p - harpy simulacrum
As you read the scroll of blinking, it crumbles to dust.
The harpy simulacrum claws you.
* * * LOW HITPOINT WARNING * * *
The harpy simulacrum freezes you. You resist.
You die...
Your body crumbles into a pile of gold.

. .. .# #. .. .. ..
≈## .. ≈≈# ####
..###≈≈#######..##
..$#Z.≈##..##....##
....$###.....5....#
...Z.$#..Z...Z§ZY.#
...##....##.Z.....#
..####..#####....##
.. #### ##..## ##
####


You could see a white imp, an elephant simulacrum, a harpy simulacrum, a naga
simulacrum and a troll simulacrum.

Vanquished Creatures
  Gastronok (D:10)
  A centaur warrior (D:12)
  6 two-headed ogres
  An ugly thing (D:11)
  3 kobold demonologists (D:10)
  A komodo dragon (D:11)
  An ice devil (IceCv)
  A hornet (D:10)
  5 trolls
  A shadow (D:11)
  A wyvern (D:9)
  A vampire (D:9)
  9 yaks (D:8)
  3 steam dragons
  A water moccasin (D:6)
  Pargi (Sewer)
  Duvessa (D:6)
  7 orc warriors
  2 necrophages (D:7)
  6 centaurs
  3 wolves
  2 ogres (D:5)
  3 phantoms
  The ghost of Zeld the Magician, an amateur DEFE (D:3)
  A kobold brigand (D:11)
  A bullfrog (D:7)
  A two-headed ogre simulacrum (IceCv)
  2 scorpions (D:5)
  A wyvern zombie (D:8)
  A killer bee (D:9)
  Dowan (D:6)
  8 wights
  4 electric eels (D:11)
  5 howler monkeys
  2 centaur zombies
  5 hounds
  2 bullfrog skeletons
  4 centaur skeletons
  An orc priest (D:9)
  Crazy Yiuf (D:3)
  3 jellies
  A scorpion zombie (D:5)
  5 iguanas (D:5)
  8 orc wizards
  A polar bear simulacrum (IceCv)
  2 hound skeletons
  Robin (D:3)
  12 gnolls
  8 adders
  A naga simulacrum (IceCv)
  3 shadow imps
  13 white imps
  2 ufetubi (D:4)
  5 worms
  A dart slug (D:1)
  21 orcs
  18 bats
  3 endoplasms
  3 giant cockroaches
  17 goblins
  11 hobgoblins
  2 jackals (D:4)
  9 quokkas
  4 ball pythons
  A frilled lizard (D:2)
  17 kobolds
  4 rats
  A butterfly (D:9)
279 creatures vanquished.

Vanquished Creatures (others)
  3 fungi (D:7)
3 creatures vanquished.

Grand Total: 282 creatures vanquished

Notes
Turn   | Place    | Note
-------+----------+-------------------------------------------
     0 | D:1      | Zeld the Draconian Transmuter began the quest for the Orb.
     0 | D:1      | Reached XP level 1. HP: 16/16 MP: 3/3
   232 | D:1      | Found a faded altar of an unknown god.
   264 | D:1      | Reached XP level 2. HP: 23/23 MP: 5/5
   284 | D:1      | Learned a level 2 spell: Wereblood
  1350 | D:2      | Reached XP level 3. HP: 28/28 MP: 6/6
  1354 | D:2      | Learned a level 3 spell: Spider Form
  1726 | D:3      | Found a runed translucent door.
  1727 | D:3      | Noticed Zeld's ghost (amateur DEFE)
  1915 | D:3      | Found Hetoic's Assorted Antiques.
  1923 | D:3      | Bought 2 ruby potions for 43 gold pieces
  1978 | D:3      | Noticed Robin
  2632 | D:3      | Killed Robin
  2633 | D:3      | Reached skill level 3 in Transmutations
  2633 | D:3      | Reached XP level 4. HP: 36/36 MP: 8/8
  3175 | D:3      | Found a runed translucent door.
  3176 | D:3      | Noticed Crazy Yiuf
  3620 | D:3      | Killed Crazy Yiuf
  3621 | D:3      | Reached skill level 1 in Poison Magic
  3924 | D:3      | Bought a blue potion for 21 gold pieces
  4333 | D:4      | Reached XP level 5. HP: 41/41 MP: 9/9
  4338 | D:4      | Learned a level 4 spell: Ice Form
  4552 | D:4      | Found Haevveuxt's Jewellery Shop.
  5537 | D:4      | Reached XP level 6. HP: 30/50 MP: 11/11
  5731 | D:4      | Found an iron altar of Okawaru.
  6315 | D:3      | Bought a metallic ruby potion for 21 gold pieces
  6315 | D:3      | Bought a scroll labelled KAEPLE OCOBE for 24 gold pieces
  6578 | D:5      | Entered Level 5 of the Dungeon
  6626 | D:5      | Reached skill level 1 in Ice Magic
  6626 | D:5      | Found a bloodstained altar of Trog.
  6651 | D:5      | Reached skill level 4 in Transmutations
  6967 | D:5      | Found a glowing drain.
  7000 | Sewer    | Entered a sewer
  7180 | Sewer    | Noticed Pargi
  7192 | Sewer    | Killed Pargi
  7402 | D:5      | Your scales start taking on a glossy black colour.
  7402 | D:5      | Reached XP level 7. HP: 49/57 MP: 13/13
  7402 | D:5      | Gained mutation: You are resistant to electric shocks.
                  | (rElec) [Black Draconian growth]
  8161 | D:5      | Reached skill level 5 in Transmutations
  8333 | D:5      | Found a hazy altar of Hepliaklqana.
  8602 | D:5      | Reached skill level 5 in Spellcasting
  8602 | D:5      | Reached XP level 8. HP: 15/66 MP: 14/15
  8925 | D:6      | Found a white marble altar of Elyvilon.
  9120 | D:6      | Identified the ring "Nace" {AC+4 Dex+2}
  9201 | D:6      | Found a runed translucent door.
  9218 | D:6      | Noticed Shubert's ghost (novice MfGl)
  9234 | D:6      | Identified the +5 falchion of Amortisation {flame, Str+2
                  | Dex+3}
  9343 | D:6      | Noticed Dowan
  9352 | D:6      | Noticed Duvessa
  9374 | D:6      | Found a staircase to the Ecumenical Temple.
  9736 | D:6      | Killed Duvessa
  9739 | D:6      | Killed Dowan
  9901 | Temple   | Entered the Ecumenical Temple
  9951 | Temple   | Became a worshipper of Gozag Ym Sagoz the Greedy
 10028 | D:6      | Reached skill level 6 in Transmutations
 10259 | D:6      | Found a runed translucent door.
 10628 | D:3      | Killed Zeld's ghost
 11627 | D:6      | Reached skill level 5 in Fighting
 11627 | D:6      | Reached skill level 7 in Transmutations
 11627 | D:6      | Reached XP level 9. HP: 27/74 MP: 18/18
 12913 | D:7      | Identified the +10 hand crossbow of the Seven Dances
                  | {penet, rCorr Int+4}
 12943 | D:7      | Reached skill level 5 in Dodging
 13176 | D:7      | Found a sacrificial altar of Ru.
 13353 | D:8      | Reached skill level 8 in Transmutations
 13681 | D:8      | Reached skill level 1 in Air Magic
 13845 | D:8      | Reached XP level 10. HP: 69/83 MP: 21/21
 14477 | D:8      | Found a sparkling altar of Nemelex Xobeh.
 14543 | D:8      | You fall into a shaft and drop 1 floor!
 14543 | D:9      | Noticed a two-headed ogre
 14543 | D:9      | Found a shimmering altar of Xom.
 14560 | D:9      | Killed a two-headed ogre
 14588 | D:9      | Reached skill level 9 in Transmutations
 14693 | D:9      | Noticed a two-headed ogre
 14696 | D:9      | Found an ancient bone altar of Kikubaaqudgha.
 14708 | D:9      | Killed a two-headed ogre
 14731 | D:9      | Found a flagged portal.
 14750 | Bailey   | Entered a bailey
 14844 | Bailey   | Noticed an orc warlord
 15144 | Bailey   | Found a runed translucent gate.
 15144 | Bailey   | Found a runed translucent gate.
 15144 | Bailey   | Found a runed translucent gate.
 16654 | D:10     | Entered Level 10 of the Dungeon
 16928 | D:10     | Found Ikukocku's General Store.
 16929 | D:10     | Found Rueniah's Specific Store.
 16941 | D:10     | Noticed Gastronok
 16944 | D:10     | Bought a potion of attraction for 36 gold pieces
 17001 | D:10     | Killed Gastronok
 17002 | D:10     | Reached XP level 11. HP: 89/92 MP: 24/24
 18052 | D:11     | Noticed a two-headed ogre
 18073 | D:10     | Killed a two-headed ogre
 18074 | D:10     | Reached skill level 10 in Transmutations
 18277 | D:11     | Reached skill level 5 in Air Magic
 18576 | D:11     | Noticed a two-headed ogre
 18892 | D:11     | Killed a two-headed ogre
 19366 | D:11     | Noticed a two-headed ogre
 19396 | D:11     | Found a radiant altar of Vehumet.
 19403 | D:11     | Killed a two-headed ogre
 19623 | D:11     | Noticed a brown ugly thing
 20601 | D:11     | Found a staircase to the Lair.
 21134 | D:11     | Noticed a sun demon
 21193 | D:10     | Reached skill level 1 in Evocations
 21331 | D:11     | Killed a purple ugly thing
 21818 | D:12     | Noticed a two-headed ogre
 21832 | D:12     | Killed a two-headed ogre
 21833 | D:12     | Reached skill level 10 in Spellcasting
 21993 | D:12     | Found a frozen archway.
 22004 | D:12     | Noticed a centaur warrior
 22020 | D:12     | Killed a centaur warrior
 22021 | D:12     | Reached skill level 11 in Transmutations
 22049 | D:12     | Bought a scroll of identify for 26 gold pieces
 22049 | D:12     | Bought 2 scrolls of identify for 52 gold pieces
 22049 | D:12     | Bought a scroll of identify for 26 gold pieces
 22049 | D:12     | Bought a scroll of amnesia for 45 gold pieces
 22049 | D:12     | Bought a scroll of amnesia for 45 gold pieces
 22052 | IceCv    | Entered an ice cave
 22409 | IceCv    | HP: 2/114 [harpy simulacrum (6)]
 22409 | IceCv    | Slain by a harpy simulacrum

Illustrated notes

Levels and vault maps discovered:
D:1:      nicolae_arrival_washed_ashore, layout_loops_cross,
          hellmonk_ecumenical_altar_inner_sanctum, hangedman_feature_mirror
D:2:      layout_basic
D:3:      layout_loops_ring, serial_shops, nicolae_shop_trees,
          ebering_ghost_reflecting_pool, uniq_robin, uniq_crazy_yiuf_cottage
D:4:      layout_loops_corners, kennysheep_okawaru_gauntlet, serial_shops,
          nicolae_inconvenience_store
D:5:      layout_rooms, lemuel_coloured_pillars_altar,
          trog_three_pillars_becter, gup_sewer_entry_pipe
D:6:      layout_rooms, lemuel_round_altar, temple_statues,
          ebering_ghost_sewer_f, uniq_duvessa
D:7:      kennysheep_steamy, layout_loops_ring, nicolae_ru_path_of_blood,
          hangedman_decor_points, centaur_isle
D:8:      layout_loops_ring, nemelex_xobeh_ov_fountains_minmay, serial_rivers,
          chequers_serial_rivers_large_a, chequers_serial_rivers_room_b,
          chequers_serial_rivers_small_3, chequers_serial_rivers_small_3,
          chequers_serial_rivers_large_b, chequers_serial_rivers_small_a
D:9:      minmay_distorted_concentric_squares, layout_loops_cross,
          mainiacjoe_overflow_small_starburst, xom_butterflies,
          zombieorc2_lemuel, enter_bailey_7
D:10:     layout_irregular_city, nicolae_specific_store, uniq_gastronok
D:11:     layout_cave_pools, erik_lair_island, vehumet_altar_wand_db
D:12:     layout_basic, portal_ice_cave_entry_imps
Temple:   jpeg_temple_clearing
IceCv:    ice_cave_small_demon

Skill      XL: |  1  2  3  4  5  6  7  8  9 10 11 |
---------------+----------------------------------+-----
Dodging        | 2 3 4 5 6 7 |  7.1
Transmutations | 3 4 5 7 8 9 11 | 11.1
Fighting       | 2 3 5 6 7 8 |  8.3
Spellcasting   | 3 4 5 6 7 9 10 | 10.1
Poison Magic   | 1 2 |  2.0
Ice Magic      | 1 |  1.0
Air Magic      | 1 4 6 |  6.2
Evocations     | 1 |  1.8
Unarmed Combat | |  3.0

Action                   |  1- 3 |  4- 6 |  7- 9 | 10-12 || total
-------------------------+-------+-------+-------+-------++-------
Melee: Unarmed           |   108 |   190 |   264 |   426 ||   988
       Kick              |    29 |    16 |       |       ||    45
       Tailslap          |    12 |    15 |     6 |       ||    33
       Headbutt          |     9 |    19 |       |       ||    28
       Punch             |     2 |     1 |     1 |       ||     4
       Falchion          |       |       |    19 |       ||    19
 Cast: Beastly Appendage |    41 |    27 |     1 |       ||    69
       Spider Form       |     2 |    13 |     8 |     8 ||    31
       Wereblood         |     1 |       |     1 |     1 ||     3
       Ice Form          |       |     1 |    21 |    41 ||    63
Invok: Potion Petition   |       |       |       |     1 ||     1
       Call Merchant     |       |       |       |     1 ||     1
 Abil: Breathe Lightning |       |       |       |     1 ||     1
Evoke: Wand              |       |       |       |    15 ||    15
       Piece from Xom's  |       |       |       |     5 ||     5
  Use: Scroll            |       |       |       |    13 ||    13
 Stab: Sleeping          |     1 |     1 |       |       ||     2
       Distracted        |       |       |       |     1 ||     1
Armor: Skin              |    46 |    59 |   101 |   225 ||   431
Dodge: Dodged            |    84 |   185 |   207 |   385 ||   861
